 Dungeon Crawl Stone Soup version 0.21.1-1-g345015f (webtiles) character file.

2594 wojtek the Destroyer (level 9, -9/45 HPs)
             Began as a Kobold Conjurer on Apr 1, 2018.
             Was a Follower of Vehumet.
             Blown up by Maurice (21 damage)
             ... with a wand of disintegration (16)
             ... on level 8 of the Dungeon.
             The game lasted 00:16:20 (11834 turns).

wojtek the Destroyer (Kobold Conjurer)             Turns: 11834, Time: 00:16:21

Health: -9/45      AC:  2    Str:  5    XL:     9   Next: 89%
Magic:  2/17       EV: 18    Int: 19    God:    Vehumet [*.....]
Gold:   326        SH:  0    Dex: 16    Spells: 14/19 levels left

rFire    . . .     SeeInvis .   u - +2 dagger (drain)
rCold    . . .     Gourm    .   (shield restricted)
rNeg     . . .     Faith    .   o - +0 robe (curse)
rPois    .         Spirit   .   (no helmet)
rElec    .         Reflect  .   (no cloak)
rCorr    .         Harm     .   (no gloves)
MR       .....                  (no boots)
Stlth    ++........             (no amulet)
HPRegen  0.15/turn              (no ring)
MPRegen  0.15/turn              (no ring)

@: no status effects
A: small, carnivore
a: Renounce Religion


You were on level 8 of the Dungeon.
You worshipped Vehumet.
Vehumet was aware of your devotion.
You were full.

You visited 2 branches of the dungeon, and saw 9 of its levels.

You collected 326 gold pieces.

Inventory:

Hand Weapons
 r - a +0 dagger
 u - a +2 dagger of draining (weapon)
Missiles
 n - 21 poisoned needles
Armour
 o - a cursed +0 robe (worn)
 y - the cursed +1 ring mail of Jot Satt {-Cast rElec rCorr, unknown}
   (You found it on level 6 of the Dungeon)

   It insulates you from electricity.
   It prevents spellcasting.
   It protects you from acid and corrosion.
   It has a curse placed upon it.
Jewellery
 v - an uncursed amulet of magic regeneration {unknown}
 A - an uncursed ring of ice {unknown}
Wands
 s - a wand of acid (8)
 B - a wand of polymorph (11)
Scrolls
 a - 4 scrolls of teleportation {unknown}
 d - 10 scrolls of identify {unknown}
 e - 2 scrolls of fog {unknown}
 f - 2 scrolls of noise {unknown}
 g - a scroll of random uselessness {unknown}
 h - a scroll of amnesia {unknown}
 i - 2 scrolls of enchant weapon {unknown}
 j - 2 scrolls of immolation {unknown}
 k - a scroll of enchant armour {unknown}
 l - a scroll of vulnerability {unknown}
 p - 2 scrolls of remove curse {unknown}
 z - a scroll of blinking {unknown}
Potions
 m - a potion of invisibility {unknown}
 w - a potion of heal wounds
 x - a potion of curing
 C - a potion of agility {unknown}
Books
 b - a book of Conjurations

   Spells                             Type                      Level
   a - Magic Dart                     Conjuration                  1
   b - Searing Ray                    Conjuration                  2
   c - Dazzling Spray                 Conjuration/Hexes            3
   d - Fulminant Prism                Conjuration/Hexes            4
   e - Force Lance                    Conjuration/Translocation    4
   f - Iskenderun's Mystic Blast      Conjuration                  4
Comestibles
 c - 7 rations


   Skills:
 + Level 5.6 Dodging
 - Level 2.6 Stealth
 + Level 5.7 Spellcasting
 + Level 11.3 Conjurations


You had 14 spell levels left.
You knew the following spells:

 Your Spells              Type           Power        Failure   Level  Hunger
a - Magic Dart            Conj           ####         1%          1    None
b - Iskenderun's Mystic   Conj           #####...     1%          4    ####...


Dungeon Overview and Level Annotations

Branches:
Dungeon (8/15)             Temple (1/1) D:5
   Lair: D:8-11

Altars:
Ashenzari
Dithmenos
Elyvilon
Gozag
Hepliaklqana
Makhleb
Nemelex Xobeh
Okawaru
Qazlal
Sif Muna
Trog
Uskayaw
Vehumet
Wu Jian
Xom
Yredelemnul
Zin

Shops:
D:5 =

Annotations:
D:6 bmj180's ghost, novice HaFi
D:8 Maurice


Innate Abilities, Weirdness & Mutations

You are small and have problems with some larger weapons.
You are carnivorous and can eat meat at any time.


Message History

The orb of energy explodes!
Maurice zaps a wand.
You are blasted!
* * * LOW HITPOINT WARNING * * *
You hit Maurice.
Maurice is almost dead.
Maurice gestures wildly while chanting.
Maurice flickers and vanishes!
Deactivating autopickup; reactivate with Ctrl-A.
Casting: Iskenderun's Mystic Blast
Confirm with . or Enter, or press ? or * to list all spells.
You can't see any susceptible monsters within range! (Use Z to cast anyway.) Unknown command.
Unknown command.
Casting: Iskenderun's Mystic Blast
Confirm with . or Enter, or press ? or * to list all spells.
Aiming: Iskenderun's Mystic Blast
Press: ? - help, Shift-Dir - straight line You hear some strange, mumbled words.
You hear a zap.
You are blasted!
You die...

#############
#.......@...#
...^...#########.#
######. #.# #. #.#
#. #.# #@ #.# ..
#.# #. #.## #..#


There were no monsters in sight!

Vanquished Creatures
  The ghost of Hasart the Bolt Thrower, a novice KoHu (D:4)
  Prince Ribbit (D:7)
  A hungry ghost (D:7)
  Menkaure (D:5)
  An ice beast (D:6)
  A phantom (D:7)
  4 ogres
  3 bullfrogs
  2 scorpions
  A howler monkey (D:5)
  A crimson imp (D:5)
  7 orc priests
  4 hounds (D:6)
  2 jellies
  6 orc wizards
  2 bullfrog skeletons
  2 iguanas
  4 worker ants
  A hound skeleton (D:7)
  3 gnolls (D:6)
  9 adders
  An adder zombie (D:5)
  3 adder skeletons
  A worm (D:4)
  A dart slug (D:2)
  3 leopard geckos
  32 orcs
  6 bats
  10 giant cockroaches
  14 goblins
  6 hobgoblins
  3 jackals (D:3)
  12 kobolds
  2 quokkas
  9 frilled lizards
  A jackal skeleton (D:4)
  11 rats
  A spectral orc (D:6)
173 creatures vanquished.

Notes
Turn   | Place    | Note
-------+----------+-------------------------------------------
     0 | D:1      | wojtek the Kobold Conjurer began the quest for the Orb.
     0 | D:1      | Reached XP level 1. HP: 10/10 MP: 3/3
   113 | D:1      | Reached XP level 2. HP: 15/15 MP: 1/5
   641 | D:1      | Reached XP level 3. HP: 19/19 MP: 2/6
   970 | D:1      | Reached skill level 5 in Conjurations
  1397 | D:2      | Found a white marble altar of Elyvilon.
  1467 | D:2      | Reached XP level 4. HP: 23/24 MP: 1/7
  2554 | D:3      | Reached XP level 5. HP: 28/28 MP: 4/8
  2636 | D:3      | Reached skill level 6 in Conjurations
  2924 | D:3      | HP: 2/42 [poisoned by an orc]
  3085 | D:3      | Found a white marble altar of Elyvilon.
  3787 | D:4      | Noticed Hasart's ghost (novice KoHu)
  4288 | D:4      | Reached XP level 6. HP: 15/32 MP: 1/9
  4791 | D:4      | Reached skill level 7 in Conjurations
  4833 | D:4      | Noticed an ogre
  4844 | D:4      | Killed an ogre
  4870 | D:3      | Learned a level 4 spell: Iskenderun's Mystic Blast
  5021 | D:4      | HP: 1/32 [Hasart's ghost (2)]
  5446 | D:4      | Reached XP level 7. HP: 36/36 MP: 3/10
  5612 | D:5      | Entered Level 5 of the Dungeon
  5637 | D:5      | Reached skill level 8 in Conjurations
  5703 | D:5      | Noticed Menkaure
  5708 | D:5      | Killed Menkaure
  6183 | D:5      | Reached skill level 9 in Conjurations
  6258 | D:5      | Found Rierit Osarph's Jewellery Emporium.
  6293 | D:5      | Reached XP level 8. HP: 41/41 MP: 1/11
  6414 | D:5      | Found a staircase to the Ecumenical Temple.
  6465 | Temple   | Entered the Ecumenical Temple
  6518 | Temple   | Became a worshipper of Vehumet
  7442 | D:6      | Reached skill level 10 in Conjurations
  7824 | D:6      | Noticed bmj180's ghost (novice HaFi)
  7980 | D:6      | Got a fine ring mail
  8170 | D:6      | Found a sparkling altar of Nemelex Xobeh.
  8293 | D:6      | Found a basalt altar of Yredelemnul.
  9094 | D:6      | Reached XP level 9. HP: 45/45 MP: 8/14
  9723 | D:7      | Reached * piety under Vehumet
  9723 | D:7      | Offered knowledge of Flame Tongue by Vehumet.
 10459 | D:7      | Found a shimmering altar of Xom.
 10469 | D:7      | Reached skill level 11 in Conjurations
 10826 | D:7      | Noticed Prince Ribbit
 10846 | D:7      | Killed Prince Ribbit
 10846 | D:7      | Reached skill level 5 in Spellcasting
 10988 | D:7      | Found a stormy altar of Qazlal.
 11007 | D:7      | Reached skill level 5 in Dodging
 11383 | D:4      | Killed Hasart's ghost
 11816 | D:8      | Noticed Maurice
 11834 | D:8      | Blown up by Maurice

Skill      XL: |  1  2  3  4  5  6  7  8  9 |
---------------+----------------------------+-----
Conjurations   | 5 6 7 9 10 11 | 11.3
Spellcasting   | 3 5 |  5.7
Dodging        | 5 |  5.6
Stealth        | |  2.6

Action                   |  1- 3 |  4- 6 |  7- 9 || total
-------------------------+-------+-------+-------++-------
Melee: Dagger            |       |    10 |    53 ||    63
 Cast: Magic Dart        |    56 |   158 |   343 ||   557
       Iskenderun's Myst |       |     4 |     6 ||    10
  Use: Potion            |       |     4 |     1 ||     5
  Eat: Chunk             |    11 |    13 |    28 ||    52
Armor: Robe              |     1 |     5 |    11 ||    17
Dodge: Dodged            |     8 |    71 |   113 ||   192
